Map: Acid Plant LE

Players

NXZ

  • Race: Zerg Zerg
  • Spawn Location: 5:00

Nerchio - Winner!

  • Race: Zerg Zerg
  • Spawn Location: 11:00

Event: WCS Austin 2018

VOD

Have the link to the VOD?

Description

Time

  • Played on: June 1, 2018, 9:38 p.m.
  • Length: 10:38

All games in this series

Show
View Real Time Build Order
Export as new Build Order

NXZ Zerg 

Build Orders: Hatch First 

Get SALT Encoding   

  12  0:01  Drone  
  13  0:08  Drone  
  14  0:16  Overlord  
  14  0:21  Extractor  
  14  0:23  Drone  
  15  0:35  Drone x2  
  17  0:51  Hatchery  
  17  0:54  Drone  
  17  0:57  Drone  
  18  1:08  Extractor  
  17  1:12  Spawning Pool  
  17  1:15  Drone  
  17  1:18  Drone  
  18  1:27  Drone  
  19  1:37  Overlord  
  19  1:59  Zergling x4, Queen  
  23  2:03  Drone, Queen  
  23  2:07  Metabolic Boost  
  26  2:09  Drone  
  26  2:14  Drone  
  28  2:20  Drone  
  29  2:25  Drone  
  30  2:31  Drone  
  31  2:39  Hatchery  
  30  2:44  Baneling Nest  
  30  2:46  Drone  
  30  2:49  Drone  
  31  2:56  Drone x2  
  31  2:58  Drone  
  34  3:04  Overlord  
  34  3:07  Overlord  
  33  3:22  Zergling x2  
  33  3:23  Zergling x4  
  33  3:25  Zergling x8  
  40  3:33  Zergling x2  
  41  3:39  Zergling x2  
  42  3:45  Drone x2  
  42  3:47  Overlord  
  44  3:48  Overlord  
  44  3:52  Baneling x2, Evolution Chamber  
  44  3:54  Drone x4  
  44  3:55  Drone  
  48  3:58  Drone  
  48  4:01  Drone  
  50  4:04  Overlord  
  50  4:10  Baneling x2  
  50  4:11  Overlord  
  50  4:22  Zerg Missile Weapons Level 1, Lair  
  50  4:23  Drone x3  
  49  4:26  Zergling x4  
  49  4:28  Zergling x2  
  49  4:29  Zergling x2  
  53  4:31  Zergling x2  
  53  4:34  Zergling x4  
  53  4:37  Zergling x4  
  53  4:48  Extractor  
  53  4:49  Extractor  
  53  4:50  Roach Warren, Queen  
  49  4:56  Drone x5  
  49  4:59  Baneling x2  
  52  5:01  Drone  
  52  5:02  Drone  
  52  5:04  Drone  
  52  5:05  Drone  
  56  5:08  Drone  
  56  5:11  Drone x2  
  56  5:14  Drone  
  60  5:20  Overlord  
  60  5:21  Drone  
  61  5:22  Drone  
  61  5:24  Drone  
  63  5:30  Glial Reconstitution  
  63  5:37  Roach x5  
  63  5:42  Overlord, Roach  
  74  5:44  Drone  
  74  5:45  Drone  
  70  5:57  Drone x3  
  70  6:03  Drone x10  
  80  6:07  Queen  
  80  6:11  Drone x2  
  80  6:15  Extractor  
  80  6:16  Extractor, Evolution Chamber  
  77  6:21  Zerg Missile Weapons Level 2  
  77  6:23  Roach  
  77  6:24  Roach x2  
  77  6:25  Overseer  
  83  6:28  Drone  
  83  6:29  Roach  
  83  6:32  Roach x2  
  90  6:34  Roach  
  90  6:36  Roach  
  90  6:39  Roach x2  
  98  6:42  Overlord  
  98  6:47  Overlord  
  98  6:49  Overlord  
  98  6:58  Overlord  
  100  7:01  Roach x4  
  100  7:05  Roach x4  
  100  7:07  Zerg Ground Armor Level 1  
  100  7:08  Overlord  
  114  7:10  Overlord  
  114  7:15  Tunneling Claws  
  114  7:16  Burrow  
  114  7:18  Roach  
  114  7:19  Overlord  
  116  7:27  Roach  
  116  7:28  Roach x4  
  126  7:31  Roach x2  
  126  7:33  Roach  
  132  7:40  Hatchery  
  132  7:42  Roach  
  133  7:46  Roach  
  133  7:47  Roach x2  
  133  7:49  Roach  
  141  7:53  Roach x2  
  141  7:54  Overlord  
  141  7:56  Overlord  
  143  8:00  Overlord  
  143  8:02  Overlord  
  143  8:04  Overlord  
  145  8:05  Roach  
  145  8:07  Overlord  
  145  8:10  Ravager  
  146  8:13  Roach x3  
  146  8:14  Overseer  
  146  8:16  Roach  
  154  8:23  Roach x4  
  162  8:29  Roach  
  162  8:30  Roach x2  
  162  8:31  Ravager x2  
  162  8:32  Roach x2  
  162  8:33  Roach x3  
  170  8:41  Roach x6  
  180  8:43  Roach x4  
  160  8:52  Ravager  
  159  8:55  Roach  
  159  8:56  Roach x5  
  159  9:02  Roach x18  
  161  9:05  Unknown x2  
  161  9:07  Roach  
  161  9:08  Roach x6  
  165  9:13  Roach x3  
  155  9:20  Roach x19  
  155  9:22  Ravager  
  130  9:26  Roach  
  130  9:27  Roach x5  
  130  9:31  Roach x3  
  148  9:36  Roach x2  
  152  9:41  Roach x3  
  156  9:50  Roach x5  
  156  9:52  Roach  
  152  10:02  Roach x7  
  156  10:11  Roach x4  
  156  10:12  Roach x3  
  156  10:13  Roach x3  
  161  10:14  Roach x2  
Show
View Real Time Build Order
Export as new Build Order

Nerchio Zerg - Winner!

Build Orders: Hatch First 

Get SALT Encoding   

  12  0:00  Drone  
  13  0:12  Overlord  
  13  0:16  Drone  
  14  0:31  Drone x2  
  14  0:34  Drone  
  17  0:51  Hatchery  
  17  0:54  Drone  
  17  0:58  Drone  
  18  1:05  Extractor  
  17  1:12  Spawning Pool  
  17  1:16  Drone  
  17  1:20  Drone  
  18  1:28  Drone  
  19  1:38  Overlord  
  19  1:50  Drone  
  20  1:58  Queen  
  20  2:00  Zergling x2  
  23  2:03  Queen  
  23  2:06  Metabolic Boost  
  23  2:08  Zergling x2  
  26  2:14  Drone  
  26  2:15  Drone  
  28  2:22  Drone  
  29  2:25  Drone  
  30  2:34  Queen  
  32  2:41  Baneling Nest  
  31  2:55  Hatchery  
  31  2:56  Drone  
  31  2:57  Drone  
  32  3:02  Zergling x2  
  32  3:05  Overlord  
  33  3:09  Drone  
  32  3:23  Drone x6  
  38  3:32  Drone x2  
  38  3:33  Evolution Chamber  
  39  3:36  Overlord  
  39  3:38  Zergling x2  
  39  3:40  Zergling x2  
  41  3:44  Overlord  
  41  3:48  Zergling x2  
  42  3:50  Zergling x2  
  42  3:52  Zergling x2  
  42  3:55  Zergling x4  
  46  3:57  Baneling, Zergling x2  
  46  3:58  Baneling  
  46  4:00  Baneling x2  
  46  4:02  Zergling x2  
  48  4:03  Zergling x2  
  48  4:04  Zergling x2  
  48  4:08  Zergling x4  
  51  4:12  Zerg Missile Weapons Level 1  
  51  4:23  Drone  
  51  4:24  Drone x5  
  54  4:26  Drone x2  
  54  4:30  Drone x2  
  54  4:31  Drone  
  59  4:33  Drone  
  59  4:38  Overlord  
  59  4:41  Drone  
  59  4:42  Drone  
  59  4:44  Extractor  
  60  4:49  Overlord, Roach Warren  
  56  5:00  Lair, Drone x2  
  56  5:01  Drone x2  
  60  5:16  Drone  
  60  5:17  Drone x6  
  60  5:18  Baneling x3, Extractor  
  66  5:21  Drone x2  
  66  5:24  Queen  
  66  5:25  Extractor  
  69  5:30  Overlord  
  69  5:46  Overlord  
  69  5:48  Roach x6  
  69  5:49  Extractor  
  80  5:54  Roach  
  80  5:55  Roach  
  80  5:56  Roach  
  82  5:57  Overlord  
  82  5:59  Roach x2  
  82  6:04  Drone x2  
  85  6:08  Extractor, Drone x2  
  85  6:09  Drone  
  85  6:10  Drone  
  85  6:11  Drone  
  88  6:14  Drone  
  88  6:16  Glial Reconstitution  
  88  6:17  Drone  
  88  6:19  Drone x2  
  88  6:20  Drone  
  88  6:23  Drone  
  88  6:25  Zerg Missile Weapons Level 2  
  92  6:26  Drone  
  92  6:31  Drone  
  94  6:33  Hydralisk Den, Drone  
  94  6:36  Hatchery  
  94  6:38  Drone x4  
  97  6:41  Drone  
  97  6:43  Overlord  
  97  6:46  Overlord, Unknown  
  98  6:47  Overlord  
  98  6:53  Pneumatized Carapace  
  98  6:56  Overseer  
  98  7:00  Overlord x3  
  98  7:04  Roach x3  
  106  7:08  Roach  
  106  7:09  Lurker Den  
  106  7:10  Roach  
  106  7:11  Roach  
  109  7:16  Roach x3  
  109  7:19  Roach x2  
  123  7:22  Roach  
  123  7:23  Roach  
  123  7:25  Roach  
  123  7:26  Roach  
  123  7:28  Roach  
  129  7:30  Roach  
  129  7:32  Roach  
  129  7:34  Roach  
  129  7:35  Roach  
  137  7:37  Ravager x2  
  137  7:38  Ravager  
  137  7:39  Roach  
  137  7:40  Roach  
  137  7:41  Roach  
  137  7:43  Roach  
  148  7:44  Roach  
  148  7:46  Overlord  
  148  7:49  Overlord  
  150  7:51  Overlord  
  150  7:53  Overlord  
  150  7:59  Roach x4  
  150  8:01  Roach  
  150  8:04  Overlord  
  160  8:06  Roach  
  160  8:07  Roach  
  160  8:09  Roach  
  160  8:10  Roach  
  160  8:12  Roach  
  170  8:13  Ravager x2  
  170  8:14  Ravager  
  170  8:15  Roach  
  170  8:19  Roach x2  
  179  8:21  Roach  
  179  8:22  Roach  
  179  8:26  Roach x2  
  187  8:31  Roach x3  
  195  8:34  Roach x2  
  195  8:36  Roach  
  195  8:39  Overseer  
  195  8:40  Overseer  
  199  8:46  Roach x5  
  197  8:49  Roach  
  197  8:50  Roach  
  197  8:55  Drone x3  
  200  9:06  Grooved Spines  
  186  9:12  Drone  
  186  9:13  Drone x4  
  186  9:14  Drone  
  186  9:15  Hydralisk x4  
  165  9:25  Roach x6  
  165  9:27  Roach  
  165  9:29  Roach  
  165  9:30  Roach  
  180  9:33  Roach  
  180  9:34  Roach  
  180  9:36  Roach  
  183  9:39  Roach  
  183  9:41  Roach  
  183  9:43  Roach  
  183  9:44  Roach  
  191  9:46  Roach  
  191  9:47  Roach  
  191  9:48  Roach  
  191  9:50  Roach  
  199  9:58  Roach  
  199  9:59  Roach  
  199  10:04  Roach  
  199  10:09  Spine Crawler  
  199  10:10  Spine Crawler  
  199  10:14  Roach x2  
  199  10:19  Overseer  
Tags
 
Add a new tag
Caveats
  • Supply blocks, unpowered buildings, or Contaminate may cause inaccurate times.
  • Supply counts are checked every 10 seconds.